 Dungeon Crawl Stone Soup version 0.25-a0-503-ge281fa673e (webtiles) character file.

Game seed: 15607789842706247379, levelgen mode: deterministic

88 drasked the Magician (level 4, -3/30 HPs)
             Began as a Mummy Wizard on Feb 13, 2020.
             Was an Initiate of Vehumet.
             Slain by Crazy Yiuf
             ... wielding a +2 quarterstaff of chaos
              (5 damage)
             ... while petrified by Crazy Yiuf
             ... on level 2 of the Dungeon.
             The game lasted 00:09:41 (2872 turns).

drasked the Magician (Mummy Wizard)                 Turns: 2872, Time: 00:09:42

Health: -3/30      AC:  2    Str: 10    XL:     4   Next: 30%
Magic:  7/10       EV:  2    Int: 18    God:    Vehumet [......]
Gold:   86         SH:  0    Dex: 10    Spells: 3/11 levels left

rFire    x . .     SeeInvis .   f - +0 dagger (venom)
rCold    + . .     Gourm    .   (no shield)
rNeg     + + +     Faith    .   a - +0 robe
rPois    ∞         Spirit   .   b - +0 hat
rElec    .         Reflect  .   (no cloak)
rCorr    .         Harm     .   (no gloves)
MR       .....                  (no boots)
Stlth    ++........             (no amulet)
HPRegen  0.10/turn              (no ring)
MPRegen  0.12/turn              (no ring)

@: petrified
A: no food or potions, fire vulnerability, cold resistance 1, negative energy
resistance 3, torment resistance, unbreathing
a: Renounce Religion


You were on level 2 of the Dungeon.
You worshipped Vehumet.
Vehumet was noncommittal.
You were not hungry.

You visited 1 branch of the dungeon, and saw 2 of its levels.

You collected 86 gold pieces.

Inventory:

Hand Weapons
 f - a +0 dagger of venom (weapon)
   (You took it off a goblin on level 1 of the Dungeon)
Missiles
 Q - 73 stones (quivered)
Armour
 a - a +0 robe (worn)
 b - a +0 hat (worn)
Jewellery
 e - an uncursed ring of poison resistance {unknown}
   (You found it on level 1 of the Dungeon)
Scrolls
 c - 3 scrolls of remove curse {unknown}
 d - 2 scrolls of blinking {unknown}
 g - a scroll of enchant weapon {unknown}
 h - a scroll of identify {unknown}
 i - 3 scrolls of amnesia {unknown}
 j - a scroll of magic mapping {unknown}
 k - a scroll of teleportation {unknown}


   Skills:
 - Level 1.5 Dodging
 - Level 1.5 Stealth
 - Level 4.0 Spellcasting
 + Level 3.4 Conjurations
 - Level 0.7 Summonings
 - Level 0.7 Translocations


You had 3 spell levels left.
You knew the following spells:

 Your Spells              Type           Power        Failure   Level  Hunger
a - Magic Dart            Conj           ###.         3%          1    N/A
b - Blink                 Tloc           N/A          17%         2    N/A
c - Call Imp              Summ           #.......     17%         2    N/A
x - Mephitic Cloud        Conj/Pois/Air  #.......     28%         3    N/A

Your spell library contained the following spells:

 Spells                   Type           Power        Failure   Level  Hunger
 Slow                     Hex            #.......     22%         2    N/A
 Conjure Flame            Conj/Fire      #.......     22%         3    N/A

Dungeon Overview and Level Annotations

Branches:
Dungeon (2/15)

Altars:
Fedhas
Trog
Vehumet

Annotations:
D:2 Crazy Yiuf


Innate Abilities, Weirdness & Mutations

You do not eat or drink.
Your flesh is vulnerable to fire.
You are immune to poison.
Your flesh is cold resistant. (rC+)
You are immune to negative energy. (rN+++)
You are immune to unholy pain and torment.
You can survive without breathing.


Message History

2 gnolls come into view.
The gnoll shouts! x2
Aim: a gnoll The magic dart hits the gnoll.
A gnoll comes into view. It is wielding a +0 spear.
Things that are here:
a +0 short sword; a +0 club; a goblin corpse
Okay, then.
You can't see any susceptible monsters within range! (Use Z to cast anyway.)
Aim: a gnoll The magic dart hits the gnoll.
Aim: a gnoll You miscast Magic Dart.
You are very lightly contaminated with residual magic.
The air around you crackles with energy!
Aim: a gnoll The magic dart hits the gnoll.
Aim: a gnoll, wielding a +0 club (heavily wounded)
The magic dart hits the gnoll.
Aim: a gnoll, wielding a +0 club (almost dead)
The magic dart hits the gnoll.
You kill the gnoll!
You have reached level 4!
Aim: a gnoll The magic dart hits the gnoll.
Aim: a gnoll (lightly wounded)
The magic dart hits the gnoll.
* * * LOW MAGIC WARNING * * *
The gnoll misses you.
Aim: a gnoll (lightly wounded)
The magic dart hits the gnoll.
* * * LOW MAGIC WARNING * * *
The gnoll barely misses you.
Aim: a gnoll (heavily wounded)
The magic dart hits the gnoll.
* * * LOW MAGIC WARNING * * *
The gnoll barely misses you.
Unknown command.
Aim: a gnoll (heavily wounded)
The magic dart hits the gnoll.
You kill the gnoll!
* * * LOW MAGIC WARNING * * *
You start resting.
Your magical contamination has completely faded away.
You start resting.
The gnoll is too close now for your liking.
Aim: a gnoll, wielding a +0 spear (hasn't noticed you)
The magic dart hits the gnoll but does no damage.
The gnoll shouts!
* * * LOW MAGIC WARNING * * *
The gnoll misses you.
Aim: a gnoll, wielding a +0 spear The magic dart hits the gnoll.
* * * LOW MAGIC WARNING * * *
The gnoll barely misses you.
Aim: a gnoll, wielding a +0 spear (heavily wounded)
The magic dart hits the gnoll but does no damage.
* * * LOW MAGIC WARNING * * *
The gnoll hits you from afar with a +0 spear.
Aim: a gnoll, wielding a +0 spear (moderately wounded)
The magic dart hits the gnoll.
* * * LOW MAGIC WARNING * * *
The gnoll barely misses you.
You don't have enough magic to cast that spell.
Aim: a gnoll, wielding a +0 spear (heavily wounded)
The magic dart hits the gnoll.
* * * LOW MAGIC WARNING * * *
Aim: a gnoll, wielding a +0 spear (almost dead)
The magic dart hits the gnoll.
You kill the gnoll!
* * * LOW MAGIC WARNING * * *
You start resting.
There is an open door here.
There is an open door here.
There is an open door here.
There is an open door here.
Things that are here:
a +0 short sword; a +0 club; a goblin skeleton
There is an open door here.
There is a stone staircase leading down here.
There is an open door here.
Crazy Yiuf cries, "Peeping!
Buddy koolooloo bag."
Crazy Yiuf grits, "Goober meccalolo foot!"
You open the door.
Crazy Yiuf yells, "Whippet!"
The ball explodes into a vile cloud!
The stinking cloud engulfs Crazy Yiuf but does no damage.
Crazy Yiuf cries, "Papa alas ragdoll!"
Crazy Yiuf hits you with a +2 quarterstaff of chaos!
You are slowing down.
Crazy Yiuf hits you with a +2 quarterstaff of chaos.
* * * LOW HITPOINT WARNING * * *
Your limbs are stiffening.
You have turned to stone.
Crazy Yiuf hits you with a +2 quarterstaff of chaos!
* * * LOW HITPOINT WARNING * * *
You are electrocuted!!
* * * LOW HITPOINT WARNING * * *
Crazy Yiuf hits you with a +2 quarterstaff of chaos!
You die...

#########
##.......#
##..#####.###
#...........#
###
#...@###..#.#
##.#### #..g.#
#..#.###...#..
♣...°♣
#............#
♣♣...♣
##.#.###...###
♣♣.♣♣ ##.#.#
##.## ♣♣.♣
#....# #.#
♣.♣♣ ##.###
#.# ♣♣.♣ #..#
##'## ♣.♣♣
#### ##.>.##


You could see Crazy Yiuf.

Levels and vault maps discovered:
D:1:      minmay_arrival_stair_chambers, layout_rooms, minmay_hedge_maze
D:2:      layout_loops_corners, minitemple, first_ration,
          minmay_strange_pillars, uniq_crazy_yiuf_cottage

Notes
Turn   | Place    | Note
-------+----------+-------------------------------------------
     0 | D:1      | drasked the Mummy Wizard began the quest for the Orb.
     0 | D:1      | Reached XP level 1. HP: 13/13 MP: 5/5
    18 | D:1      | Reached skill level 1 in Conjurations
   119 | D:1      | Identified a +0 club
   324 | D:1      | Reached XP level 2. HP: 18/19 MP: 5/7
   389 | D:1      | Identified a +0 club (You found it on level 1 of the
                  | Dungeon)
   581 | D:1      | HP: 4/19 [dart slug/slug dart (6)]
   923 | D:1      | Identified a +0 dagger
   926 | D:1      | Reached skill level 2 in Conjurations
  1044 | D:1      | Identified a cursed -3 club
  1096 | D:1      | Identified a +0 club
  1096 | D:1      | Identified a +0 scale mail
  1103 | D:1      | Identified a +0 dagger of venom
  1147 | D:1      | Identified a +0 whip
  1148 | D:1      | Reached XP level 3. HP: 24/24 MP: 2/8
  1152 | D:1      | Learned a level 2 spell: Blink
  1155 | D:1      | Learned a level 2 spell: Call Imp
  1159 | D:1      | Learned a level 3 spell: Mephitic Cloud
  1315 | D:1      | Identified a +0 dagger
  1325 | D:1      | Identified a cursed -2 club
  1471 | D:1      | Identified a +0 dagger
  2006 | D:2      | Identified a +0 club
  2006 | D:2      | Identified an uncursed amulet of magic regeneration
  2041 | D:2      | Found a bloodstained altar of Trog.
  2043 | D:2      | Found a blossoming altar of Fedhas.
  2044 | D:2      | Found a radiant altar of Vehumet.
  2116 | D:2      | Reached skill level 3 in Conjurations
  2173 | D:2      | Became a worshipper of Vehumet
  2220 | D:2      | Identified a +0 club
  2222 | D:2      | Identified a +0 club
  2224 | D:2      | Identified a +0 whip
  2224 | D:2      | Identified a +0 hunting sling
  2404 | D:2      | Found a runed translucent door.
  2405 | D:2      | Identified a +2 quarterstaff of chaos
  2405 | D:2      | Identified a +0 cloak
  2405 | D:2      | Noticed Crazy Yiuf
  2459 | D:2      | Identified a +0 short sword
  2459 | D:2      | Identified a +0 club
  2523 | D:2      | Identified a +0 club
  2524 | D:2      | Identified a +0 spear
  2564 | D:2      | Reached XP level 4. HP: 30/30 MP: 5/10
  2871 | D:2      | HP: 2/30 [Crazy Yiuf/+2 quarterstaff of chaos (9)]
  2872 | D:2      | Slain by Crazy Yiuf

Table legend:
 A = Turns spent in this place as a percentage of turns spent in the entire game.
 B = Non-inter-level travel turns spent in this place as a percentage of non-inter-level travel turns spent in the entire game.
 C = Inter-level travel turns spent in this place as a percentage of turns spent in this place.
 D = Turns resting spent in this place as a percentage of non-inter-level travel turns spent in this place.
 E = Turns spent auto-exploring this place as a percentage of non-inter-level travel turns spent in this place.
 F = Non-inter-level travel turns spent in this place divided by the number of levels of this place that you've seen.
                   A       B       C       D       E      F
               +-------+-------+-------+-------+-------+----------------------
         Total | 100.0 | 100.0 |   2.9 |  44.4 |  39.1 | 1394.5
       Dungeon | 100.0 | 100.0 |   2.9 |  44.4 |  39.1 | 1394.5
               +-------+-------+-------+-------+-------+----------------------

Table legend:
 A = Kills in this place as a percentage of kills in entire the game.
 B = Kills by you in this place as a percentage of kills by you in the entire game.
 C = Kills by friends in this place as a percentage of kills by friends in the entire game.
 D = Other kills in this place as a percentage of other kills in the entire game.
 E = Experience gained in this place as a percentage of experience gained in the entire game.
 F = Experience gained in this place divided by the number of levels of this place that you have seen.
                   A       B       C       D       E      F
               +-------+-------+-------+-------+-------+----------------------
         Total | 100.0 | 100.0 |   N/A |   N/A | 100.0 |  63.5
       Dungeon | 100.0 | 100.0 |   N/A |   N/A | 100.0 |  63.5
               +-------+-------+-------+-------+-------+----------------------

Skill      XL: |  1  2  3 |
---------------+----------+-----
Conjurations   | 1 2 3 |  3.4
Dodging        | |  1.5
Stealth        | |  1.5
Spellcasting   | |  4.0
Summonings     | |  0.7
Translocations | |  0.7

Action                   |  1- 3 |  4- 6 || total
-------------------------+-------+-------++-------
Melee: Unarmed           |     2 |       ||     2
 Cast: Magic Dart        |   113 |    12 ||   125
       Mephitic Cloud    |       |     1 ||     1
Armor: Robe              |     5 |       ||     5
Dodge: Dodged            |    13 |     6 ||    19

Vanquished Creatures
  3 gnolls (D:2)
  An adder (D:2)
  3 dart slugs (D:1)
  A leopard gecko (D:1)
  3 giant cockroaches
  5 hobgoblins (D:1)
  4 kobolds
  2 ball pythons
  6 bats
  A frilled lizard (D:1)
  10 goblins
  4 rats
43 creatures vanquished.
